 Dungeon Crawl Stone Soup version 0.20.1-1-g8b1a95d (webtiles) character file.

7907 torrenera the Grappler (level 11, -9/92 HPs)
             Began as a Troll Earth Elementalist on Aug 31, 2017.
             Was a Priest of Qazlal.
             Mangled by Snorg (20 damage)
             ... on level 10 of the Dungeon.
             The game lasted 00:16:19 (7977 turns).

torrenera the Grappler (Troll Earth Elementalist)   Turns: 7977, Time: 00:16:20

Health: -9/92      AC: 30    Str: 18    XL:     11   Next: 2%
Magic:  11/11      EV:  1    Int: 17    God:    Qazlal [***...]
Gold:   485        SH:  3    Dex: 13    Spells: 11/12 levels left

rFire    + . .     SeeInvis .     - Unarmed
rCold    + . .     Gourm    +   (no shield)
rNeg     . . .     Faith    .   H - +9 scales of the Dragon King {rPois rF+ rC+ MR+}
rPois    +         Spirit   .   D - +1 hat
rElec    .         Reflect  .   (no cloak)
rCorr    .         Harm     .   (gloves unavailable)
MR       +....                  (boots unavailable)
Stlth    ..........             (no amulet)
Regen    0.7/turn               G - +6 ring of intelligence
MPRegen  0.2/turn               (no ring)

@: invisible
A: unfitting armour, claws 3, fast metabolism 3, gourmand, regeneration 1,
shaggy fur 1, tough skin 2
a: Upheaval, Elemental Force, Renounce Religion


You were on level 10 of the Dungeon.
You worshipped Qazlal.
Qazlal was most pleased with you.
You were very full.

You visited 2 branches of the dungeon, and saw 11 of its levels.

You collected 485 gold pieces.

Inventory:

Hand Weapons
 r - a +1 blowgun
Missiles
 b - 356 stones (quivered)
 s - 17 poisoned needles
 C - 10 javelins
Armour
 D - a +1 hat (worn)
 H - the +9 scales of the Dragon King (worn) {rPois rF+ rC+ MR+}
   (You found it on level 7 of the Dungeon)

   It protects you from fire.
   It protects you from cold.
   It protects you from poison.
   It affects your resistance to hostile enchantments.
Jewellery
 G - a +6 ring of intelligence (left claw)
Wands
 l - a wand of flame (21/48)
 F - a wand of polymorph (5/24)
 I - a wand of lightning (4/15)
 N - a wand of iceblast (11/15)
Scrolls
 c - a scroll of fog {unknown}
 f - 2 scrolls of noise
 h - a scroll of enchant weapon
 i - 5 scrolls of remove curse
 k - 3 scrolls of identify
 n - 2 scrolls of recharging
 p - a scroll of teleportation
 q - a scroll of random uselessness
 t - 5 scrolls of magic mapping
 y - a scroll of amnesia
 A - a scroll of enchant armour
Potions
 g - 2 potions of resistance
 m - 4 potions of curing
 o - 2 potions of lignification
 u - 6 potions of might
 v - a potion of mutation
 w - a potion of agility
 x - a potion of ambrosia
 E - a potion of flight
 J - a potion of cancellation
Books
 e - a book of Geomancy

   Spells                             Type                      Level
   a - Sandblast                      Earth                        1
   b - Passwall                       Transmutation/Earth          2
   c - Stone Arrow                    Conjuration/Earth            3
   d - Petrify                        Transmutation/Earth          4
   e - Lee's Rapid Deconstruction     Earth                        5
 z - a book of Frost

   Spells                             Type                      Level
   a - Freeze                         Ice                          1
   b - Throw Frost                    Conjuration/Ice              2
   c - Ozocubu's Armour               Charms/Ice                   3
   d - Throw Icicle                   Conjuration/Ice              4
   e - Summon Ice Beast               Ice/Summoning                4
 K - a book of Air

   Spells                             Type                      Level
   a - Shock                          Conjuration/Air              1
   b - Swiftness                      Charms/Air                   2
   c - Static Discharge               Conjuration/Air              3
   d - Airstrike                      Air                          4
   e - Lightning Bolt                 Conjuration/Air              5
Comestibles
 a - 2 royal jellies
 d - 8 bread rations
 j - 7 meat rations
 M - a fruit


   Skills:
 - Level 1.6 Fighting
 + Level 10.3 Armour
 - Level 2.1 Dodging
 - Level 1.0 Stealth
 - Level 11.2 Unarmed Combat
 - Level 1.2 Spellcasting
   Level 0.6 Transmutations
 - Level 2.6 Earth Magic


You had 11 spell levels left.
You knew the following spells:

 Your Spells              Type           Power        Failure   Level  Hunger
a - Sandblast             Erth           ##....       100%        1    ##.....


Dungeon Overview and Level Annotations

Branches:
Dungeon (10/15)            Temple (1/1) D:6
   Lair: D:8-11         Orc: D:9-12

Altars:
Dithmenos
Elyvilon
Fedhas
Gozag
Hepliaklqana
Makhleb
Nemelex Xobeh
Okawaru
Qazlal
Ru
Sif Muna
Trog
Uskayaw
Vehumet
Xom
Yredelemnul
Zin
The Shining One

Annotations:
D:6 exclusion: oklob plant
D:10 Snorg


Innate Abilities, Weirdness & Mutations

You are too large for most types of armour.
You have claws for hands.
Your metabolism is lightning-fast.
You like to eat raw meat.
Your natural rate of healing is unusually fast.
You are covered in fur. (AC +1)
You have very tough skin. (AC +2)


Message History

Snorg bites you! Snorg claws you! Snorg claws you.
You closely miss Snorg.
Snorg is moderately wounded.
Snorg bites you!
* * * LOW HITPOINT WARNING * * *
Snorg claws you but does no damage. Snorg claws you!
* * * LOW HITPOINT WARNING * * *
You claw Snorg!
Snorg is moderately wounded.
You block Snorg's attack. Snorg claws you but does no damage.
You block Snorg's attack. The bullfrog skeleton hits you.
* * * LOW HITPOINT WARNING * * *
Okay, then.
Okay, then.
You fade into invisibility!
Snorg bites you but does no damage. You block Snorg's attack.
Snorg claws you but does no damage.
The bullfrog skeleton hits you but does no damage.
Snorg bites you!!
You die...

............# # #.............# #
#.............###
########...............#.........
..............>........#.........
.......................#.........
...............$.......#.........
.≈...8.........§.......'.........
).........8.P...@.######.........
#.........8.8P.ZT.#.............#
#..P.P..P.........'........<....#
#.P..8...88.......#.......[.....#
#..8..P...8.......#.............#
#....8..∩)...P....#.............#
#.....8...........####....#####.#
#..........8.........#....# .#
#.8..........8.......#....# #


You could see Snorg (berserk) and a bullfrog skeleton.

Vanquished Creatures
  2 two-headed ogres
  3 centaur zombies (D:10)
  2 centaur skeletons (D:10)
  2 hellwings (D:10)
  A troll (D:10)
  A hippogriff (D:7)
  A wyvern (D:8)
  The ghost of Rhok the Slasher, an amateur MiMo (D:3)
  A water moccasin (D:6)
  Duvessa (D:7)
  A sky beast (D:10)
  A hornet zombie (D:10)
  3 ogres
  An ice beast (D:8)
  A necrophage (D:8)
  A phantom (D:7)
  5 centaurs
  3 big kobolds
  7 bullfrogs
  Dowan (D:7)
  A scorpion (D:10)
  3 killer bees (D:8)
  3 wights (D:8)
  A troll skeleton (D:8)
  3 howler monkeys (D:10)
  A bullfrog zombie (D:5)
  3 crimson imps
  4 hounds
  7 orc wizards
  5 jellies
  3 bullfrog skeletons
  4 human zombies (D:8)
  Jessica (D:2)
  A human skeleton (D:8)
  4 iguanas
  7 worker ants
  An ogre zombie (D:8)
  A hound zombie (D:5)
  A hound skeleton (D:8)
  A mummy (D:8)
  2 worker ant zombies (D:10)
  4 gnolls (D:2)
  6 adders
  4 shadow imps (D:10)
  2 worms
  3 dart slugs (D:1)
  3 leopard geckos
  24 orcs
  2 ball pythons
  7 bats
  9 giant cockroaches
  4 goblins
  8 hobgoblins
  15 jackals
  6 quokkas
  4 frilled lizards
  16 kobolds
  A quokka zombie (D:6)
  7 rats
221 creatures vanquished.

Vanquished Creatures (others)
  An orc (D:3)
  A quokka (D:3)
2 creatures vanquished.

Grand Total: 223 creatures vanquished

Notes
Turn   | Place    | Note
-------+----------+-------------------------------------------
     0 | D:1      | torrenera the Troll Earth Elementalist began the quest for the Orb.
     0 | D:1      | Reached XP level 1. HP: 16/16 MP: 1/1
     6 | D:1      | Reached skill level 1 in Unarmed Combat
    16 | D:1      | Reached XP level 2. HP: 24/24 MP: 2/2
   116 | D:1      | Reached skill level 2 in Unarmed Combat
   662 | D:1      | Reached XP level 3. HP: 31/31 MP: 3/3
   826 | D:2      | Reached skill level 3 in Unarmed Combat
   844 | D:2      | Noticed Jessica
   847 | D:2      | Killed Jessica
   847 | D:2      | Reached XP level 4. HP: 38/39 MP: 4/4
  1287 | D:2      | Reached skill level 4 in Unarmed Combat
  1496 | D:2      | Reached XP level 5. HP: 17/45 MP: 5/5
  1733 | D:3      | Found a white marble altar of Elyvilon.
  1900 | D:3      | Noticed Rhok's ghost (amateur MiMo)
  1919 | D:3      | Killed Rhok's ghost
  1919 | D:3      | Reached skill level 6 in Unarmed Combat
  1919 | D:3      | Reached XP level 6. HP: 31/53 MP: 6/6
  2976 | D:4      | Found a glowing silver altar of Zin.
  3110 | D:5      | Entered Level 5 of the Dungeon
  3135 | D:5      | Reached skill level 7 in Unarmed Combat
  3322 | D:5      | Reached XP level 7. HP: 55/59 MP: 7/7
  3396 | D:5      | Found a stormy altar of Qazlal.
  3445 | D:5      | Reached skill level 8 in Unarmed Combat
  4296 | D:6      | Reached skill level 9 in Unarmed Combat
  4299 | D:6      | Reached XP level 8. HP: 50/67 MP: 8/8
  4312 | D:6      | Found a staircase to the Ecumenical Temple.
  4424 | Temple   | Entered the Ecumenical Temple
  4691 | Temple   | Became a worshipper of Qazlal Stormbringer
  4862 | D:6      | Reached skill level 10 in Unarmed Combat
  4999 | D:6      | You fall through a shaft!
  5121 | D:7      | Noticed Duvessa
  5122 | D:7      | Noticed Dowan
  5129 | D:7      | Killed Duvessa
  5133 | D:7      | Killed Dowan
  5181 | D:6      | Found a glowing silver altar of Zin.
  5181 | D:6      | Noticed an oklob plant
  5354 | D:6      | Reached skill level 11 in Unarmed Combat
  5689 | D:7      | Reached * piety under Qazlal
  5689 | D:7      | Reached skill level 1 in Fighting
  5689 | D:7      | Reached XP level 9. HP: 63/76 MP: 9/9
  5831 | D:7      | Reached skill level 1 in Armour
  5839 | D:7      | Found an iron altar of Okawaru.
  6558 | D:8      | Found an opulent altar of Gozag.
  6718 | D:8      | Reached ** piety under Qazlal
  6723 | D:8      | Reached skill level 5 in Armour
  6825 | D:8      | Noticed a two-headed ogre
  6836 | D:8      | Killed a two-headed ogre
  7131 | D:8      | Found a blossoming altar of Fedhas.
  7140 | D:8      | Found a radiant altar of Vehumet.
  7265 | D:8      | Reached XP level 10. HP: 85/85 MP: 10/10
  7343 | D:8      | Found a basalt altar of Yredelemnul.
  7540 | D:9      | You fall through a shaft!
  7540 | D:10     | Entered Level 10 of the Dungeon
  7540 | D:10     | Noticed Snorg
  7555 | D:10     | Noticed a two-headed ogre
  7574 | D:10     | Killed a two-headed ogre
  7847 | D:10     | Reached *** piety under Qazlal
  7880 | D:10     | Reached skill level 10 in Armour
  7952 | D:10     | Reached XP level 11. HP: 75/92 MP: 11/11
  7977 | D:10     | Mangled by Snorg

Skill      XL: |  1  2  3  4  5  6  7  8  9 10 |
---------------+-------------------------------+-----
Unarmed Combat | 1 2 3 4 6 7 9 11 | 11.2
Fighting       | 1 |  1.6
Dodging        | 2 |  2.1
Armour         | 6 10 | 10.3
Stealth        | |  1.0
Spellcasting   | |  1.2
Transmutations | |  0.6
Earth Magic    | |  2.6

Action                   |  1- 3 |  4- 6 |  7- 9 | 10-12 || total
-------------------------+-------+-------+-------+-------++-------
Melee: Unarmed           |    64 |   149 |   286 |   207 ||   706
       Punch             |       |     4 |     8 |    10 ||    22
Evoke: Wand              |       |       |       |     2 ||     2
  Use: Scroll            |       |       |       |    22 ||    22
       Potion            |       |       |       |     1 ||     1
 Stab: Sleeping          |       |     2 |       |       ||     2
  Eat: Chunk             |    12 |    22 |    38 |     5 ||    77
Armor: Robe              |    35 |    55 |    22 |       ||   112
       Gold dragon scale |       |       |   122 |   238 ||   360
Dodge: Dodged            |    65 |    61 |    76 |     9 ||   211
Block: Other             |       |       |     8 |    31 ||    39
